 Dungeon Crawl Stone Soup version bcrawl-1.36.4 (webtiles) character file.

Game seed: 17833938360541735054

149222 Darthill6464 the Charmwright (level 4, -1/26 HPs)
             Began as a Vine Stalker Skald on Aug 9, 2022.
             Slain by a gnoll
             ... wielding a +0 whip
              (6 damage)
             ... on level 3 of the Dungeon.
             The game lasted 00:02:25 (1717 turns).

Darthill6464 the Charmwright (Vine Stalker Skald)   Turns: 1717, Time: 00:02:25

Health: -1/26      AC:  3    Str: 14    XL:     4   Next: 77%
Magic:  3/9        EV: 12    Int: 13    God:
Gold:   99         SH:  0    Dex: 14    Spells: 3/9 levels left

rFire    . . .     SeeInvis .   a - +0 long sword
rCold    . . .     Gourm    .   (no shield)
rNeg     . . .     Faith    .   b - +0 leather armour
rPois    .         Spirit   .   (no helmet)
rElec    .         Reflect  .   (no cloak)
rCorr    .                      (no gloves)
MR       .....                  (no boots)
Stlth    +.........             d - amulet of magic regeneration
HPRegen  0.48/turn              (no ring)
MPRegen  0.21/turn              (no ring)

@: very slightly contaminated
A: fangs 2, regeneration 1, no potion heal 3, rot immunity, strong jaws
a: no special abilities


You were on level 3 of the Dungeon.
You were hungry.

You visited 1 branch of the dungeon, and saw 3 of its levels.

You collected 99 gold pieces.

Inventory:

Hand Weapons
 a - a +0 long sword (weapon)
Armour
 b - a +0 leather armour (worn)
Jewellery
 d - an amulet of magic regeneration (around neck)
 k - a cursed -3 ring of evasion {unknown}
 s - a cursed ring of attention {unknown}
 u - the cursed ring of Wiseo {Ice rPois, unknown}
   (You found it on level 2 of the Dungeon)

   [ring of ice]

   It enhances your ice magic.
   It makes you vulnerable to fire.
   It protects you from cold.
   It protects you from poison.
   It has a curse placed upon it.
Wands
 q - a wand of paralysis (8)
Scrolls
 c - 2 scrolls of teleportation {unknown}
 f - a scroll of fear
 h - 2 scrolls of fog {unknown}
 i - a scroll of identify
 j - a scroll of enchant armour {unknown}
 p - a scroll of remove curse {unknown}
 r - 2 scrolls of enchant weapon {unknown}
 v - a scroll of noise {unknown}
Potions
 g - 4 potions of degeneration {unknown}
 l - 2 potions of heal wounds {unknown}
 m - a potion of curing {unknown}
 n - a potion of lignification {unknown}
 o - a potion of flight {unknown}
Comestibles
 e - 3 rations {!d}
 t - 3 chunks of flesh


   Skills:
 + Level 2.2 Fighting
 + Level 2.5 Long Blades
 + Level 1.3 Armour
 + Level 2.3 Dodging
 + Level 0.6 Stealth
 + Level 3.2 Spellcasting
 + Level 3.4 Charms


You had 3 spell levels left.
You knew the following spells:

 Your Spells              Type           Power        Failure   Level  Hunger
a - Infusion              Chrm           ##......     7%          1    None
b - Song of Slaying       Chrm           ##......     10%         2    #......
c - Spectral Weapon       Hex/Chrm       #.......     38%         3    ####...

Your spell library contained the following spells:

 Spells                   Type           Power        Failure   Level  Hunger
 Swiftness                Chrm/Air       #.......     21%         2    #......
 Ozocubu's Armour         Chrm/Ice       #.......     38%         3    ####...
 Regeneration             Chrm/Necr      #.........   38%         3    ####...


Dungeon Overview and Level Annotations

Branches:
Dungeon (3/12)

Altars:


Innate Abilities, Weirdness & Mutations

You have extremely sharp teeth.
Your natural rate of healing is unusually fast.
Potions cannot restore your health.
You are immune to rotting.
Your bites deal extra damage.


Message History

The gnoll is severely wounded.
You hit the gnoll.
The gnoll is heavily wounded.
You hit the gnoll but do no damage. Your bite misses the gnoll.
The gnoll is heavily wounded.
The gnoll barely misses you. The gnoll hits you but does no damage.
The gnoll hits you with a +0 whip.
You hit the gnoll.
The gnoll is almost dead.
The gnoll hits you but does no damage. The gnoll hits you with a +0 club.
The gnoll closely misses you. The gnoll hits you with a +0 whip.
You closely miss the gnoll.
The gnoll is almost dead.
The gnoll hits you with a +0 club! The gnoll hits you with a +0 whip.
* * * LOW HITPOINT WARNING * * *
The gnoll barely misses you.
You hit the gnoll.
You kill the gnoll!
The gnoll hits you with a +0 whip.
You die...

...#..#
..#..# #.#..#
....#
#####g###
#...#
#...g.g.#
#...# #.#
#...# #.#
#.g.# #.#
#.)@####.# #
#...g....#
#.##..#######
#...))#
#.##)<# #
####


You could see 2 gnolls.

Vanquished Creatures
  An orc wizard (D:3)
  A gnoll (D:3)
  A worm (D:2)
  4 dart slugs
  7 leopard geckos
  5 orcs
  3 bats
  2 giant cockroaches
  3 goblins
  7 hobgoblins
  A quokka (D:2)
  A ball python (D:2)
  4 frilled lizards
  6 kobolds
  7 rats
53 creatures vanquished.

Notes
Turn   | Place    | Note
-------+----------+-------------------------------------------
     0 | D:1      | Darthill6464 the Vine Stalker Skald began the quest for the
                  | Orb.
     0 | D:1      | Reached XP level 1. HP: 12/12 MP: 4/4
    23 | D:1      | Reached skill level 1 in Armour
    28 | D:1      | Reached XP level 2. HP: 17/17 MP: 1/6
   519 | D:2      | Reached XP level 3. HP: 18/21 MP: 4/7
   651 | D:2      | Learned a level 2 spell: Song of Slaying
   901 | D:2      | Reached XP level 4. HP: 20/26 MP: 8/8
  1302 | D:2      | Got a wavering bone ring
  1534 | D:2      | Learned a level 3 spell: Spectral Weapon
  1717 | D:3      | Slain by a gnoll

Skill      XL: |  1  2  3  4 |
---------------+-------------+-----
Armour         | 1 |  1.3
Fighting       | 2 |  2.2
Long Blades    | 2 |  2.5
Spellcasting   | 3 |  3.2
Dodging        | |  2.3
Stealth        | |  0.6
Charms         | |  3.4

Action                   |  1- 3 |  4- 6 || total
-------------------------+-------+-------++-------
Melee: Long sword        |    97 |    47 ||   144
       Bite              |     9 |     2 ||    11
 Cast: Infusion          |    18 |     6 ||    24
       Song of Slaying   |     2 |     8 ||    10
  Eat: Chunk             |     4 |     4 ||     8
Armor: Leather armour    |    14 |    13 ||    27
Dodge: Dodged            |    57 |    46 ||   103
Block: Other             |     3 |     7 ||    10
